cohdb
Replays
Latest Replays
All Replays
Popular Replays
Top Player Replays
Match Explorer
How It Works
Community
CoH3 Stats
Reddit
Sign in to upload your games and track your stats! →
Sign in with Steam
Match 37477596
Unlisted
Match 37477596
Overview
Messages
Build Orders
End
Royal Engineer Section
Selects Australian Defense Battlegroup
Selects Australian Light Infantry Section
Australian Light Infantry Section
Australian Light Infantry Section
Construct Section Command Post
Construct Platoon Command Post
CMP 15cwt Truck
Royal Engineer Section
6-pounder Anti-tank Gun Team
6-pounder Anti-tank Gun Team
Infantry Section
CMP 15cwt Truck
Infantry Section
Royal Engineer Section
Construct Company Command Post
Selects CMP 15cwt Supply Run
Selects Artillery Trip Wire Flares
Construct Company Command Post
Rather Splendid Cromwell
flyingpancake
Turtleboy
GreyFox_13
vins88
Twixcy
Janeriksen
WuTFaCe
0
0
Comments
sign in to comment!
No comments posted yet!